Galwyn, chaotic male elven Wizard ----- -------- |_..| ##|...<..| |...-####### |......| |...| # |...{..| -.-.- ##.......| -------------- # # |......| |............| ### -------- #.>B..........-## # # ###|`...@.......| # # # ------- # -------------- ### # # |.!!!.|### # # # |..)..|# ### # -|--- |/[==.|# # # |...| |?*?.%|# ### # |..)| |+[().|# # #####%########-...| |??[?.-# ### -----.-------- |...| ------- # |............| ----- ##.............| -------------- Galwyn the Conjurer Experience level: 4 Strength: 7 Dexterity: 15 Constitution: 15 Intelligence: 20 Wisdom: 11 Charisma: 9 Health: 0(27) Energy: 46(47) Def: 1 Gold: 354 Moves: 1607 Dungeon seed: RClEg6NpO1kWSfTD Game ID: Galwyn_1543364963 Your Inventory: Coins $ - 354 gold pieces Weapons a - a blessed +1 quarterstaff (weapon in hands) Armor e - an uncursed +0 cloak of magic resistance (being worn) Comestibles D - 2 uncursed food rations Scrolls i - an uncursed scroll of destroy armor j - an uncursed scroll of identify k - an uncursed scroll of enchant armor s - 2 cursed scrolls of confuse monster w - an uncursed scroll of teleportation B - an uncursed scroll of confuse monster C - a cursed scroll of teleportation E - an uncursed scroll of identify Spellbooks l - a blessed spellbook of force bolt m - an uncursed spellbook of haste self F - a blessed spellbook of knock Potions f - an uncursed potion of enlightenment g - 2 uncursed potions of sickness u - an uncursed potion of booze v - an uncursed potion of extra healing Rings c - an uncursed ring of regeneration (on left hand) d - an uncursed +1 ring of increase accuracy (on right hand) r - a blessed +1 ring of gain strength Wands b - a wand of striking (0:8) Tools n - a magic marker (0:67) o - an uncursed blindfold p - an uncursed bugle Gems q - an uncursed worthless piece of white glass y - an uncursed worthless piece of orange glass Spells and supernatural/magical abilities: Name Level Category Fail Memory a - force bolt 1 attack 0% 92% H - haste self 3 escape 71% 92% W - pray for help -- divine ? -- Your skills at the end: Fighting Skills Weapon Skills quarterstaff [Basic] Spellcasting Skills attack spells [Basic] enchantment spells [Basic] Final Attributes: You were piously aligned. You were sleep resistant. You were magic-protected. You had infravision. You had a +1 bonus to hit. You regenerated. You are dead. Vanquished creatures: a small mimic a werejackal an acid blob a coyote a gas spore 2 yellow molds a red mold a gecko 2 jackals a fox a kobold 2 goblins a bat 2 lichens a kobold zombie 5 newts 24 creatures vanquished. Voluntary challenges: You followed a strict vegan diet. You used a wielded weapon 15 times, starting on turn 301. You were illiterate. You never genocided any monsters. You never polymorphed an object. You never changed form. You used no wishes. You never split a pudding. You never wrote Elbereth's name. You never violated your personal moral code. Dungeon overview: The Dungeons of Doom: levels 1 to 4 Level 1 a fountain a long staircase Level 2 a fountain a long staircase Level 3 some fountains, a sink Level 4 <- You were here a general store, an altar to Ptah, a fountain History has recorded: On T:1 you entered the Dungeons of Doom to retrieve the Amulet of Yendor! On T:513 you reached level 2 of The Dungeons of Doom. On T:931 you reached level 3 of The Dungeons of Doom. On T:1103 you advanced to experience level 2. On T:1273 you advanced to experience level 3. On T:1341 you reached level 4 of The Dungeons of Doom. On T:1577 you advanced to experience level 4. Score breakdown: Gold: 354 ( 8674 points) Experience: 4 levels ( 9649 points) Exploration: 4 levels ( 8.51%) ( 7661 points) Discoveries: 0 items ( 0.00%) ( 0 points) Valuables value: (no points given unless you survive) Artifact value: 0 ( 0 points) Variety of kills: 16 monsters ( 4.20%) ( 6147 points) Turncount: 1607 turns ( 0 points) Survival: died (score multiplied by 80%) Total score: 25704 Latest messages: The spell hits the small mimic! You kill the small mimic! Welcome to experience level 4. You feel awake! You see here a small mimic corpse (6 zorkmids). <2 food rations for 120 zorkmids. Pay? [yn]: y> You bought 2 food rations for 120 gold pieces. You bought a parchment spellbook for 177 gold pieces. You bought a scroll of identify for 26 gold pieces. "Thank you for shopping in Wonotobo's general store!" The bat bites! (3x) The bat just misses! You kill the bat! The bat bites! (6x) Click! You trigger a rolling boulder trap! You are hit by a boulder. You die... Final status: Goodbye Galwyn the Wizard, killed by a boulder... You died in The Dungeons of Doom on dungeon level 4 with 25704 points, and 354 pieces of gold, after 1607 moves. You were level 4 with a maximum of 27 hit points when you died.